 Dungeon Crawl Stone Soup version 0.28-a0-906-g0406aca7d3 (webtiles) character file.

Game seed: 11114949543048279916

9 vurker the Gusty (level 2, -1/12 HPs)
             Began as a Felid Air Elementalist on Nov 23, 2021.
             Slain by a gnoll (6 damage)
             ... on level 1 of the Dungeon.
             The game lasted 00:00:19 (533 turns).

vurker the Gusty (Felid Air Elementalist)            Turns: 533, Time: 00:00:20

Health: -1/12      AC:  1    Str:  4    XL:     2   Next: 3%
Magic:  2/6        EV: 17    Int: 16    God:
Gold:   9          SH:  0    Dex: 16    Spells: 4/5 levels left
                                        Lives:  0   Deaths: 0

rFire   . . .      SeeInvis +   (weapon unavailable)
rCold   . . .      Faith    .   (shield unavailable)
rNeg    . . .      Spirit   .   (armour unavailable)
rPois   .          Reflect  .   (helmet unavailable)
rElec   .          Harm     .   (cloak unavailable)
rCorr   .          Rampage  .   (gloves unavailable)
Will    .....                   (boots unavailable)
Stlth   ++........              (no amulet)
HPRegen 0.04/turn               (no ring)
MPRegen 0.10/turn               (no ring)

@: quick
A: very small, claws 1, fangs 3, see invisible, speed 1, shaggy fur 1, stealthy
paws, no weapons or thrown items, no armour, multi-lived
a: no special abilities


You were on level 1 of the Dungeon.
You visited 1 branch of the dungeon, and saw 1 of its levels.

You collected 9 gold pieces.

Inventory:

Jewellery
 c - a ring of positive energy
   (You found it on level 1 of the Dungeon)
Scrolls
 a - a scroll of identify {unknown}
Potions
 b - a potion of ambrosia {unknown}


   Skills:
 + Level 0.3 Fighting
 - Level 2.6 Dodging
 - Level 2.6 Stealth
 * Level 2.2 Spellcasting
 + Level 1.0 Conjurations
 * Level 2.9 Air Magic


You had 4 spell levels left.
You knew the following spells:

 Your Spells              Type           Power      Damage    Failure   Level
a - Shock                 Conj/Air       32%        1d5       9%          1

Your spell library contained the following spells:

 Spells                   Type           Power      Damage    Failure   Level
 Static Discharge         Conj/Air       8%         N/A       14%         2
 Swiftness                Air            11%        N/A       19%         3
 Airstrike                Air            5%         N/A       52%         4


Dungeon Overview and Level Annotations

Branches:
Dungeon (1/15)

Altars:


Innate Abilities, Weirdness & Mutations

You have sharp claws.
You have razor-sharp teeth.
You have supernaturally acute eyesight. (SInv)
You cover ground quickly. (Speed+)
You are covered in fur. (AC +1)
Your paws help you pounce on unaware monsters.
You are incapable of wielding weapons or throwing items.
You cannot wear armour.
You gain extra lives every three experience levels.


Message History

A quokka is nearby!
Aim: a quokka (heavily wounded, 56% to hit)
The zap hits the quokka.
A quokka is nearby!
Aim: a quokka (severely wounded, 56% to hit)
The zap hits the quokka.
You kill the quokka!
b - a purple potion You can't see any susceptible monsters within range! (Use Z to cast anyway.)
A quokka comes into view.
Aim: a quokka (asleep, 100% to hit)
The zap hits the quokka.
A quokka is nearby!
A quokka is nearby!
Aim: a quokka (moderately wounded, 56% to hit)
The zap misses the quokka.
A quokka is nearby!
Aim: a quokka (moderately wounded, 56% to hit)
The zap hits the quokka.
A quokka is nearby!
Aim: a quokka (almost dead, 56% to hit)
The zap hits the quokka.
You kill the quokka!
You have reached level 2!
Found a large emerald ring.
c - a ring of positive energy You can't see any susceptible monsters within range! (Use Z to cast anyway.)
You open the door.
There is an open door here.
You open the door.
There is an open door here.
Found a whip.
You can't see any susceptible monsters within range! (Use Z to cast anyway.)
You see here a +0 whip.
A gnoll comes into view. It is wielding a +0 club.
Found a scroll labelled AHETTE JENIYKAU.
Aim: a gnoll, wielding a +0 club (asleep, 100% to hit)
The zap hits the gnoll.
The gnoll shouts!
Aim: a gnoll, wielding a +0 club (moderately wounded, 72% to hit)
The zap hits the gnoll but does no damage.
Aim: a gnoll, wielding a +0 club (moderately wounded, 72% to hit)
The zap hits the gnoll but does no damage.
The gnoll hits you with a +0 club!
Ouch! That really hurt!
* * * LOW HITPOINT WARNING * * *
Unknown command.
The zap hits the gnoll. x2; The gnoll hits you with a +0 club.
Ouch! That really hurt!
You die...

###########
##############........).
...............#########
.#####..########
#.......# #..#.#..#
#.####.#..# #......#@.#
#.....g..# #.######.#
...? ..#.# ##.+ #


You could see a gnoll.

Vanquished Creatures
  A dart slug (D:1)
  A goblin (D:1)
  2 quokkas (D:1)
  A bat (D:1)
  A kobold (D:1)
  A rat (D:1)
7 creatures vanquished.

Notes
Turn   | Place    | Note
-------+----------+-------------------------------------------
     0 | D:1      | vurker the Felid Air Elementalist began the quest for the
                  | Orb.
     0 | D:1      | Reached XP level 1. HP: 7/7 MP: 4/4
    75 | D:1      | Reached skill level 1 in Conjurations
   398 | D:1      | Reached XP level 2. HP: 12/12 MP: 0/6
   533 | D:1      | Slain by a gnoll

Illustrated notes

Levels and vault maps discovered:
D:1:      dpeg_arrival_central, layout_basic, serial_bayou_lagoon_a,
          chequers_garden

Skill      XL: |  1 |
---------------+----+-----
Conjurations   | 1 |  1.0
Fighting       | |  0.3
Dodging        | |  2.6
Stealth        | |  2.6
Spellcasting   | |  2.2
Air Magic      | |  2.9

Action                   || total
-------------------------++-------
Melee: Unarmed           ||     5
       Bite              ||     2
 Cast: Shock             ||    21
Armor: Skin              ||     1
Dodge: Dodged            ||     4

Table legend: (Time is in decaauts)
 A = Elapsed time spent in this place.
 B = Non-inter-level travel time spent in this place.
 C = Inter-level travel time spent in this place.
 D = Time resting spent in this place.
 E = Time spent auto-exploring this place.
 F = Levels seen in this place.
 G = Mean time per level.
                   A        B        C        D        E       F      G
               +--------+--------+--------+--------+--------+-----+--------+
         Total |    505 |    505 |      0 |      0 |    459 |   1 |  505.0 |
       Dungeon |    505 |    505 |      0 |      0 |    459 |   1 |  505.0 |
               +--------+--------+--------+--------+--------+-----+--------+

Top non-repeatable levels by time:
     D:1: 505 daAuts
